Map: Orbital Shipyard

Players

TheDoctor - Winner!

  • Race: Protoss Protoss
  • League: Grandmaster

Tefel

  • Race: Zerg Zerg
  • League: Master

Event: Lycan League Weekly September #1

VOD

Have the link to the VOD?

Description

Time

  • Played on: Sept. 21, 2015, 12:45 p.m.
  • Length: 7:04

All games in this series

Show
View Real Time Build Order
Export as new Build Order

TheDoctor Protoss - Winner!

Build Orders: 1 Gate Expand 

Get SALT Encoding   

  12  0:00  Probe (Chrono Boost)  
  13  0:10  Probe (Chrono Boost)  
  14  0:17  Pylon  
  14  0:21  Probe (Chrono Boost)  
  15  0:35  Probe (Chrono Boost)  
  15  0:38  Gateway  
  16  0:45  Probe (Chrono Boost)  
  17  0:55  Probe (Chrono Boost)  
  18  1:05  Probe (Chrono Boost)  
  19  1:14  Nexus  
  19  1:17  Probe (Chrono Boost)  
  20  1:22  Assimilator  
  20  1:27  Probe (Chrono Boost)  
  20  1:30  Assimilator  
  21  1:37  Pylon  
  21  1:38  Probe (Chrono Boost)  
  22  1:48  Cybernetics Core  
  22  1:50  Probe (Chrono Boost)  
  23  2:00  Probe (Chrono Boost)  
  24  2:10  Probe (Chrono Boost)  
  25  2:24  Mothership Core (Chrono Boost)  
  25  2:25  Adept  
  25  2:26  Probe (Chrono Boost), Warp Gate  
  30  2:36  Probe (Chrono Boost)  
  31  2:41  Probe (Chrono Boost)  
  32  2:46  Probe (Chrono Boost)  
  33  2:51  Probe (Chrono Boost)  
  33  2:53  Sentry  
  33  2:54  Nexus  
  33  2:56  Probe (Chrono Boost)  
  37  3:01  Probe (Chrono Boost)  
  37  3:03  Pylon  
  38  3:06  Probe (Chrono Boost)  
  38  3:11  Probe (Chrono Boost)  
  40  3:16  Probe (Chrono Boost)  
  40  3:19  Sentry  
  43  3:21  Probe (Chrono Boost)  
  43  3:23  Pylon  
  43  3:25  Probe (Chrono Boost)  
  45  3:31  Probe (Chrono Boost)  
  45  3:33  Gateway  
  46  3:35  Gateway  
  46  3:36  Probe (Chrono Boost)  
  47  3:41  Probe (Chrono Boost)  
  47  3:42  Pylon  
  47  3:46  Sentry, Probe (Chrono Boost)  
  51  3:50  Assimilator  
  51  3:51  Probe (Chrono Boost)  
  51  3:55  Assimilator  
  52  3:56  Probe (Chrono Boost)  
  52  4:01  Probe (Chrono Boost)  
  54  4:06  Probe x2 (Chrono Boost)  
  56  4:11  Probe (Chrono Boost)  
  56  4:16  Probe x2 (Chrono Boost)  
  59  4:22  Probe (Chrono Boost)  
  60  4:24  Gateway  
  60  4:26  Probe x2 (Chrono Boost)  
  60  4:27  Gateway  
  60  4:29  Gateway  
  62  4:32  Sentry x3  
  62  4:33  Probe (Chrono Boost)  
  62  4:35  Probe (Chrono Boost)  
  62  4:36  Probe (Chrono Boost)  
  71  4:42  Gateway x2  
  71  4:45  Gateway  
  71  4:47  Probe x2 (Chrono Boost)  
  71  4:49  Probe (Chrono Boost)  
  74  4:56  Sentry, Stalker x2  
  74  4:59  Pylon  
  80  5:10  Pylon  
  80  5:18  Pylon  
  80  5:20  Sentry, Stalker x2  
  86  5:23  Adept  
  86  5:24  Adept x2  
  86  5:27  Pylon  
  92  5:29  Pylon  
  92  5:40  Stalker x3  
  98  5:44  Stalker x3  
  98  5:45  Stalker x2  
  98  5:47  Adept  
  110  5:54  Pylon  
  110  5:59  Pylon  
  110  6:13  Stalker x5  
  110  6:14  Stalker  
  110  6:15  Zealot x2  
  110  6:17  Zealot  
  114  6:42  Adept x2  
  114  6:43  Adept x3  
  114  6:44  Nexus, Adept x2  
  114  6:45  Adept x2  
Show
View Real Time Build Order
Export as new Build Order

Tefel Zerg 

Build Orders: 3 Hatch before Pool 

Get SALT Encoding   

  12  0:00  Drone  
  13  0:08  Drone  
  14  0:17  Overlord  
  14  0:22  Extractor  
  14  0:23  Drone  
  15  0:35  Drone x2  
  17  0:51  Hatchery  
  17  0:54  Drone  
  17  0:57  Drone  
  18  1:17  Hatchery  
  17  1:28  Spawning Pool  
  17  1:31  Drone  
  17  1:33  Extractor  
  17  1:36  Drone  
  17  1:39  Drone  
  18  1:42  Drone  
  19  1:53  Drone  
  20  2:04  Drone  
  20  2:05  Drone  
  22  2:14  Drone  
  23  2:15  Drone, Queen  
  23  2:16  Queen  
  28  2:25  Overlord  
  28  2:29  Drone x2  
  30  2:33  Metabolic Boost  
  30  2:38  Zergling x2  
  30  2:39  Drone  
  30  2:41  Drone  
  33  2:45  Drone  
  33  2:46  Drone  
  33  2:51  Drone  
  36  2:57  Drone x2  
  38  3:03  Drone  
  39  3:08  Overlord  
  39  3:10  Drone  
  39  3:11  Roach Warren  
  39  3:12  Drone  
  40  3:14  Lair  
  40  3:18  Drone  
  41  3:20  Drone  
  41  3:26  Overlord  
  46  3:27  Drone x4  
  46  3:29  Drone  
  46  3:30  Drone  
  48  3:35  Overlord  
  48  3:36  Overlord  
  48  3:38  Drone  
  48  3:39  Extractor  
  48  3:44  Queen  
  48  3:48  Extractor  
  49  3:49  Extractor  
  49  3:51  Roach x2  
  49  3:52  Drone  
  53  3:57  Overlord  
  53  4:00  Drone x5  
  53  4:02  Drone  
  58  4:03  Drone  
  58  4:05  Spore Crawler  
  58  4:06  Drone  
  58  4:09  Spore Crawler  
  58  4:11  Drone  
  58  4:13  Drone, Extractor  
  58  4:14  Drone  
  60  4:19  Hydralisk Den  
  60  4:21  Drone x3  
  60  4:22  Drone  
  63  4:27  Drone x3  
  63  4:30  Drone x3  
  69  4:31  Drone  
  69  4:37  Overlord  
  70  4:39  Drone x2  
  70  4:43  Drone x2  
  74  4:47  Evolution Chamber, Drone  
  74  4:50  Evolution Chamber, Drone x2  
  74  4:51  Drone  
  76  4:53  Extractor  
  76  4:58  Spire  
  74  5:02  Hatchery  
  74  5:05  Queen  
  75  5:08  Drone  
  75  5:10  Drone  
  75  5:13  Drone x3  
  80  5:15  Overlord  
  80  5:16  Roach x2  
  80  5:18  Roach  
  86  5:25  Overlord  
  86  5:30  Zergling x6  
  86  5:31  Overlord  
  86  5:33  Hydralisk  
  86  5:35  Hydralisk  
  93  5:39  Overlord x2  
  93  5:49  Hydralisk  
  93  5:50  Hydralisk x4  
  93  5:52  Roach  
  93  5:53  Roach  
  93  5:54  Roach  
  109  5:57  Overlord  
  109  5:58  Overlord  
  109  6:00  Roach x3  
  114  6:05  Roach  
  114  6:06  Roach x2  
  114  6:09  Roach x2  
  114  6:11  Roach  
  117  6:13  Roach  
  117  6:15  Overlord  
  119  6:18  Roach  
  119  6:19  Roach  
  127  6:25  Roach x2  
  127  6:26  Roach  
  127  6:27  Roach x2  
  127  6:29  Roach  
  127  6:32  Hydralisk  
  121  6:33  Hydralisk  
  121  6:36  Hydralisk  
  121  6:38  Hydralisk  
  106  6:42  Zergling x2  
  106  6:44  Zergling x2  

Tags
 
Add a new tag
Caveats
  • Supply blocks, unpowered buildings, or Contaminate may cause inaccurate times.
  • Supply counts are checked every 10 seconds.